 Dungeon Crawl Stone Soup version 0.32-a0-290-g598725c5f2 (webtiles) character file.

Game seed: 4110516173956854314

37 senseless the Cudgeller (level 3, -2/33 HPs)
             Began as a Mountain Dwarf Monk on Feb 13, 2024.
             Succumbed to a goblin's poison
             ... on level 1 of the Dungeon.
             The game lasted 00:01:11 (747 turns).

senseless the Cudgeller (Mountain Dwarf Monk)        Turns: 747, Time: 00:01:12

Health: -2/33      AC:  3    Str: 15    XL:     3   Next: 23%
Magic:  3/3        EV: 12    Int: 10    God:
Gold:   47         SH:  0    Dex: 12    Spells: 2/2 levels left

rFire   . . .        a - +0 mace
rCold   . . .        d - orb {light}
rNeg    . . .        b - +0 robe
rPois   .            (no helmet)
rElec   .            g - +0 cloak
rCorr   .            (no gloves)
SInv    .            (no boots)
Will    .....        (no amulet)
Stlth   +            (no ring)
HPRegen 0.25/turn    (no ring)
MPRegen 0.08/turn

%: no passive effects
@: lethally poisoned (-2 -> -33), hasted, glowing, very quick
A: runic magic, artefact enchanting
a: no special abilities


You were on level 1 of the Dungeon.
You visited 1 branch of the dungeon, and saw 1 of its levels.

You collected 47 gold pieces.

Inventory:

Hand Weapons
 a - a +0 mace (weapon)
Armour
 b - a +0 robe (worn)
 d - an orb of light (worn)
 g - a +0 cloak (worn)
Magical Staves
 e - a staff of air
Potions
 c - a potion of ambrosia
 f - a potion of haste


   Skills:
 + Level 3.9 Fighting
 + Level 4.2 Maces & Flails
 + Level 1.6 Armour
 - Level 2.1 Dodging


You had 2 spell levels left.
You didn't know any spells.
Your spell library contained the following spells:

 Spells                   Type           Power      Damage    Failure   Level
 Tukima's Dance           Hex            0%         N/A       75%         3
 Dimensional Bullseye     Hex/Tloc       0%         N/A       98%         4
 Iskenderun's Mystic Bla  Conj/Tloc      0%         2d3       98%         4


Dungeon Overview and Level Annotations

Branches:
Dungeon (1/15)

Altars:


Innate Abilities, Weirdness & Mutations

Your spellcasting is much less encumbered by armour.
You can use scrolls of enchantment on lesser artefacts.


Message History

You kill the kobold!
No target in view!
No target in view!
No target in view!
No target in view!
No target in view!
No target in view!
No target in view!
No target in view!
No target in view!
Unknown command.
No target in view!
You open the door.
There is an open door here.
A goblin comes into view. It is wielding a +2 dagger of venom.
The goblin shouts!
The goblin hits you but does no damage.
You are poisoned.
You hit the goblin.
The goblin is moderately wounded.
You feel very sick. The goblin closely misses you.
You closely miss the goblin.
The goblin is moderately wounded.
You feel sick.
The goblin hits you with a +2 dagger of venom.
You are more poisoned.
You hit the goblin.
The goblin is heavily wounded.
You feel very sick. The goblin hits you but does no damage.
You are lethally poisoned!
The goblin hits you with a +2 dagger of venom.
You are more poisoned.
You sock the goblin!
You kill the goblin!
* * * LOW HITPOINT WARNING * * *
You feel extremely sick.
It was a potion of haste.
You feel yourself speed up.
You die...

#...## .###.# # ...#.# ## #
.#.#.# #. # #...## ####.#### #
##.## .......### ..##### #.###
#.......# ....... #...# #..)..#.#
####### ###.# #.##@.#.# ## #.#
#.......# #. #.# #.#####..###
##+## #. #.# #........# ##.>.##
#. ####.# #######.## ##.....## #.
#.##.# ##..# ##.......###.
...#.#########...####.........##.
....................'.........'..
...#)#########...####.....)..)###


There were no monsters in sight!

Vanquished Creatures
  A bat (D:1)
  4 endoplasms (D:1)
  3 giant cockroaches (D:1)
  A hobgoblin (D:1)
  A ball python (D:1)
  2 frilled lizards (D:1)
  3 goblins (D:1)
  4 kobolds (D:1)
  2 rats (D:1)
21 creatures vanquished.

Notes
Turn   | Place    | Note
-------+----------+-------------------------------------------
     0 | D:1      | senseless the Mountain Dwarf Monk began the quest for the
                  | Orb.
     0 | D:1      | Reached XP level 1. HP: 19/19 MP: 1/1
   118 | D:1      | Reached XP level 2. HP: 20/26 MP: 2/2
   170 | D:1      | Reached skill level 1 in Armour
   256 | D:1      | Reached skill level 4 in Maces & Flails
   523 | D:1      | Reached XP level 3. HP: 31/33 MP: 3/3
   747 | D:1      | Succumbed to a goblin's poison

Illustrated notes

Levels and vault maps discovered:
D:1:      mainiacjoe_arrival_oval_in_oval, layout_loops_corners

Skill      XL: |  1  2 |
---------------+-------+-----
Armour         | 1 |  1.6
Maces & Flails | 4 |  4.2
Fighting       | |  3.9
Dodging        | |  2.1

Action                     || total
---------------------------++-------
  Melee: Mace              ||    50
    Use: Potion            ||     1
 Armour: Robe              ||    29
  Dodge: Dodged            ||    26

Table legend: (Time is in decaauts)
 A = Elapsed time spent in this place.
 B = Non-inter-level travel time spent in this place.
 C = Inter-level travel time spent in this place.
 D = Time resting spent in this place.
 E = Time spent auto-exploring this place.
 F = Levels seen in this place.
 G = Mean time per level.
                   A        B        C        D        E       F      G
               +--------+--------+--------+--------+--------+-----+--------+
         Total |    757 |    757 |      0 |      0 |    633 |   1 |  757.0 |
       Dungeon |    757 |    757 |      0 |      0 |    633 |   1 |  757.0 |
               +--------+--------+--------+--------+--------+-----+--------+

Top non-repeatable levels by time:
     D:1: 757 daAuts
